 Dungeon Crawl Stone Soup version 0.30-a0-359-gd0147acb1a (webtiles) character file.

Game seed: 3416621514644560398

19485 experimilk the Destroyer (level 12, -16/90 HPs)
             Began as a Green Draconian Conjurer on Nov 12, 2022.
             Was an Elder of Sif Muna.
             Demolished by a komodo dragon (18 damage)
             ... on level 2 of the Lair of Beasts.
             The game lasted 01:01:52 (25091 turns).

experimilk the Destroyer (DrCj)                    Turns: 25091, Time: 01:01:52

Health: -16/90     AC: 13    Str: 16    XL:     12   Next: 36%
Magic:  8/24       EV: 13    Int: 23    God:    Sif Muna [****..]
Gold:   749        SH:  0    Dex: 16    Spells: 8/27 levels left

rFire   . . .      SeeInvis .    J - +0 quarterstaff (freeze)
rCold   . . .      Faith    .    (shield currently unavailable)
rNeg    + . .      Spirit   .    (body armour unavailable)
rPois   +          Reflect  .    (helmet restricted)
rElec   .          Harm     .    l - +1 cloak
rCorr   .          Rampage  .    k - +2 pair of gloves
Will    .....                    (no boots)
Stlth   ++........               f - amulet of regeneration
HPRegen 1.15/turn                e - +6 ring of dexterity
MPRegen 0.19/turn                F - ring "Yminoer" {rN+ Str+6}

@: lethally poisoned (-16 -> -19), short of breath
A: breathe noxious fumes, AC +8, unfitting armour, poison resistance,
cold-blooded
a: Breathe Noxious Fumes, Renounce Religion, Channel Magic, Forget Spell, Divine
Exegesis


You were on level 2 of the Lair of Beasts.
You worshipped Sif Muna.
Sif Muna was greatly pleased with you.
You visited 3 branches of the dungeon, and saw 14 of its levels.
You also visited: Ossuary.

You collected 749 gold pieces.

Inventory:

Hand Weapons
 a - a +2 dagger of freezing
 z - a +1 short sword of protection
 J - a +0 quarterstaff of freezing (weapon)
Missiles
 v - 4 throwing nets
Armour
 k - a +2 pair of gloves (worn)
 l - a +1 cloak (worn)
Jewellery
 c - a ring of fire
 e - a +6 ring of dexterity (left hand)
 f - an amulet of regeneration (around neck)
 y - a ring of fire
 B - a ring of ice
 F - the ring "Yminoer" (right hand) {rN+ Str+6}
   (You found it on level 9 of the Dungeon)

   [ring of strength]

   Str:       It affects your strength (+6).
   rN:        It protects you from negative energy.
 K - an amulet of reflection
Wands
 r - a wand of roots (4)
 C - a wand of digging (8)
 E - a wand of flame (24)
 G - a wand of mindburst (7)
Scrolls
 b - a scroll of noise {unknown}
 d - 3 scrolls of silence
 g - 3 scrolls of immolation
 h - 3 scrolls of butterflies
 n - 3 scrolls of magic mapping
 q - 2 scrolls of enchant armour {unknown}
 t - 3 scrolls of teleportation
 u - a scroll of fear
 w - 4 scrolls of vulnerability
 x - a scroll of identify
 D - 2 scrolls of poison
 H - a scroll of amnesia {unknown}
Potions
 i - 2 potions of lignification
 j - 2 potions of resistance
 m - a potion of curing {unknown}
 o - 3 potions of attraction
 p - a potion of might {unknown}
 s - 2 potions of invisibility {unknown}
 A - a potion of heal wounds
 I - a potion of mutation {unknown}


   Skills:
 + Level 3.6 Fighting
 - Level 3.0 Dodging
 - Level 1.7 Stealth
 - Level 8.0 Spellcasting
 - Level 12.0 Conjurations
 - Level 3.0 Translocations
 + Level 10.4 Fire Magic
 * Level 7.9 Poison Magic
 - Level 8.0 Invocations


You had 8 spell levels left.
You knew the following spells:

 Your Spells              Type           Power      Damage    Failure   Level
a - Poisonous Vapours     Pois/Air       54%        N/A       1%          2
b - Magic Dart            Conj           100%       1d8       1%          1
d - Starburst             Conj/Fire      28%        6d9       11%         6
q - Apportation           Tloc           46%        N/A       1%          1
s - Ignite Poison         Fire/Tmut/Pois 37%        N/A       1%          3
x - Iskenderun's Mystic   Conj/Tloc      43%        2d10      3%          4
z - Searing Ray           Conj           100%       2d8       1%          2

Your spell library contained the following spells:

 Spells                   Type           Power      Damage    Failure   Level
 Shock                    Conj/Air       100%       1d9       1%          1
 Dazzling Flash           Conj/Hex       72%        N/A       1%          3
 Mephitic Cloud           Conj/Pois/Air  39%        N/A       1%          3
 Cigotuvi's Dreadful Rot  Necr/Pois/Air  42%        N/A       3%          2
 Fulminant Prism          Conj/Hex       18%        3d11      6%          4
 Necrotise                Necr           36%        1d5       7%          1
 Summon Small Mammal      Summ           36%        N/A       7%          1
 Ozocubu's Armour         Ice            9%         N/A       21%         3
 Swiftness                Air            9%         N/A       21%         3
 Airstrike                Air            4%         2d(1-17)  56%         4
 Ozocubu's Refrigeration  Ice            4%         4d8       100%        7


Dungeon Overview and Level Annotations

Branches:
Dungeon (11/15)            Temple (1/1) D:4            Lair (2/5) D:10
    Orc (0/2) D:9         Ossuary (visited)
  Swamp: Lair:2-3    Shoals: Lair:2-3     Snake: Lair:2-3    Spider: Lair:2-3

Altars:
Ashenzari
Cheibriados
Dithmenos
Elyvilon
Fedhas
Gozag
Hepliaklqana
Kikubaaqudgha
Makhleb
Nemelex Xobeh
Okawaru
Qazlal
Ru
Sif Muna
Trog
Uskayaw
Vehumet
Wu Jian
Xom
Yredelemnul
Zin
The Shining One

Shops:
D:1 [   D:6 *

Annotations:
D:3 Sigmund


Innate Abilities, Weirdness & Mutations

You can breathe blasts of noxious fumes.
Your lurid green scales are hard. (AC +8)
You cannot fit into any form of body armour.
Your system is resistant to poisons. (rPois)
You are cold-blooded and may be slowed by cold attacks.


Message History

Press: ? - help, Shift-Dir - straight line The searing ray misses Urug. (Press . to maintain the ray.)
The cane toad barely misses you.
Urug is engulfed in blazing flames.
Urug hits you but does no damage.
A komodo dragon comes into view.
Unknown command.
The searing ray hits Urug but does no damage.
Urug is heavily wounded.
The cane toad stings you!
You are poisoned.
The cane toad poisons you!
Urug is engulfed in blazing flames.
Urug barely misses you.
A wolf comes into view.
The cane toad stings you.
The searing ray hits Urug!
Urug is severely wounded.
The searing ray misses the wolf.
You feel very sick.
Urug is engulfed in blazing flames.
Urug barely misses you. The cane toad stings you!
* * * LOW HITPOINT WARNING * * *
The searing ray hits Urug.
You kill Urug!
Sif Muna accepts your kill.
You finish channelling your searing ray.
You feel very sick.
The wolf howls!
You hear a howl!
The wolf bites you.
* * * LOW HITPOINT WARNING * * *
The cane toad stings you!
* * * LOW HITPOINT WARNING * * *
You feel much better.
You feel very sick. The wolf bites you but does no damage.
The cane toad stings you!!
* * * LOW HITPOINT WARNING * * *
The wolf bites you!
* * * LOW HITPOINT WARNING * * *
The komodo dragon bites you!!
You die...

## .# ##.
#..###
..####.⌠.##
........h.#..#
#⌠l@○h'..#
#...F.h......
##[⌠..#..##.⌠
#.#.###...#
##### ...(
#..#. .... ...


You could see a komodo dragon, a cane toad and 3 wolves.

Vanquished Creatures
  Fannar (D:11)
  Harold (D:9)
  Erolcha (D:9)
  3 two-headed ogres
  Urug (Lair:2)
  Sonja (Lair:2)
  Amaemon (D:9)
  A deep elf pyromancer (D:7)
  Joseph (Lair:1)
  Maurice (D:9)
  A black mamba (Lair:2)
  An orange demon (D:9)
  2 cane toads (Lair:1)
  2 komodo dragons (Lair:1)
  Psyche (D:9)
  A polar bear (Lair:1)
  A troll (D:10)
  2 shadows (D:10)
  A wraith (D:11)
  A vampire (D:10)
  A basilisk (D:10)
  13 yaks
  A steam dragon (D:4)
  5 vampire mosquitoes
  Menkaure (D:7)
  3 wargs (D:10)
  A two-headed ogre zombie (D:9)
  2 acid dragons (D:11)
  8 water moccasins
  3 orc warriors
  2 ice beasts
  A sky beast (D:7)
  3 black bears
  17 wolves (Lair:1)
  2 centaurs
  4 ogres
  3 phantoms
  7 bullfrogs
  A gnoll sergeant (D:9)
  A scorpion (D:5)
  A necrophage (D:7)
  A water moccasin zombie (Ossuary)
  6 wights
  2 troll zombies (D:9)
  3 killer bees (D:10)
  4 howler monkeys
  5 centaur zombies (Ossuary)
  5 hounds
  3 bullfrog zombies (Ossuary)
  A gnoll bouda (D:7)
  A jelly (D:6)
  9 orc priests
  2 iguanas
  8 orc wizards
  A killer bee zombie (Ossuary)
  5 ogre zombies (D:9)
  8 mummies (Ossuary)
  10 adders
  11 gnolls
  2 shadow imps
  2 white imps
  A worm (D:4)
  3 dart slugs
  33 orcs
  7 ball pythons
  9 endoplasms
  3 giant cockroaches
  9 goblins
  6 hobgoblins
  4 jackals (D:3)
  14 kobolds
  3 quokkas
  12 bats
  8 frilled lizards
  A goblin skeleton (D:9)
  4 goblin zombies (D:9)
  A hobgoblin skeleton (D:9)
  4 hobgoblin zombies (D:9)
  2 orc skeletons (D:9)
  13 orc zombies (D:9)
  A quokka zombie (D:5)
  6 rats
  A rat zombie (D:5)
339 creatures vanquished.

Vanquished Creatures (others)
  4 fungi (Lair:1)
  3 plants
  6 withered plants (Ossuary)
13 creatures vanquished.

Grand Total: 352 creatures vanquished

Notes
Turn   | Place    | Note
-------+----------+-------------------------------------------
     0 | D:1      | experimilk the Draconian Conjurer began the quest for the
                  | Orb.
     0 | D:1      | Reached XP level 1. HP: 14/14 MP: 3/3
   180 | D:1      | Reached XP level 2. HP: 20/20 MP: 0/5
   183 | D:1      | Learned a level 2 spell: Searing Ray
   319 | D:1      | Found Cucwixt's Armour Boutique.
   626 | D:1      | Reached skill level 5 in Conjurations
   666 | D:1      | Reached XP level 3. HP: 26/26 MP: 4/6
   826 | D:1      | Found a faded altar of an unknown god.
  2176 | D:2      | Reached XP level 4. HP: 33/33 MP: 4/7
  2181 | D:2      | Learned a level 4 spell: Iskenderun's Mystic Blast
  2999 | D:3      | Got Idwebleu's Codex of the Pyromaniac
  3440 | D:3      | Noticed Sigmund
  3515 | D:3      | Reached skill level 1 in Translocations
  3713 | D:3      | Reached skill level 6 in Conjurations
  3850 | D:3      | Reached XP level 5. HP: 38/38 MP: 3/8
  4066 | D:4      | Noticed a steam dragon
  4083 | D:4      | Killed a steam dragon
  4084 | D:4      | Reached XP level 6. HP: 26/45 MP: 1/10
  4913 | D:4      | Found a staircase to the Ecumenical Temple.
  5030 | Temple   | Entered the Ecumenical Temple
  5218 | Temple   | Became a worshipper of Sif Muna the Loreminder
  5254 | D:5      | Entered Level 5 of the Dungeon
  5302 | D:5      | Reached skill level 7 in Conjurations
  5433 | D:5      | Found a sand-covered staircase.
  5493 | Ossuary  | Entered an ossuary
  5513 | Ossuary  | Your scales start taking on a lurid green colour.
  5513 | Ossuary  | Reached XP level 7. HP: 29/50 MP: 0/12
  5513 | Ossuary  | Gained mutation: Your system is resistant to poisons.
                  | (rPois) [Green Draconian growth]
  5863 | Ossuary  | Reached skill level 8 in Conjurations
  5874 | Ossuary  | Reached * piety under Sif Muna
  6477 | D:5      | Learned a level 2 spell: Poisonous Vapours
  6534 | D:5      | Reached XP level 8. HP: 57/57 MP: 4/14
  6793 | D:5      | Reached skill level 1 in Poison Magic
  6851 | D:5      | Reached skill level 9 in Conjurations
  8004 | D:6      | Reached skill level 1 in Invocations
  8234 | D:6      | Reached skill level 10 in Conjurations
  8601 | D:6      | Found a stormy altar of Qazlal.
  8761 | D:6      | Found Lomups's Overcharged Wands.
  8776 | D:6      | Noticed a two-headed ogre
  9234 | D:6      | Killed a two-headed ogre
  9235 | D:6      | Reached XP level 9. HP: 62/62 MP: 6/15
  9404 | D:6      | Learned a level 3 spell: Ignite Poison
  9576 | D:6      | Reached ** piety under Sif Muna
  9581 | D:6      | Reached skill level 1 in Fire Magic
 10350 | D:6      | Noticed a two-headed ogre
 10358 | D:6      | Killed a two-headed ogre
 10359 | D:6      | Reached skill level 5 in Spellcasting
 10359 | D:6      | Reached skill level 5 in Poison Magic
 11467 | D:7      | Found a hide-covered altar of Uskayaw.
 11479 | D:7      | Found an ornate altar of the Wu Jian Council.
 11481 | D:7      | Found a sparkling altar of Nemelex Xobeh.
 11484 | D:7      | Found a white marble altar of Elyvilon.
 11484 | D:7      | Found a shimmering altar of Xom.
 11484 | D:7      | Found an ancient bone altar of Kikubaaqudgha.
 11485 | D:7      | Found a hazy altar of Hepliaklqana.
 11486 | D:7      | Found a basalt altar of Yredelemnul.
 11487 | D:7      | Found a broken altar of Ashenzari.
 11488 | D:7      | Found a glowing silver altar of Zin.
 11489 | D:7      | Found a radiant altar of Vehumet.
 11505 | D:7      | Reached skill level 11 in Conjurations
 11549 | D:7      | Noticed Menkaure
 11576 | D:7      | Killed Menkaure
 11790 | D:7      | Noticed a deep elf pyromancer
 11912 | D:7      | Reached XP level 10. HP: 69/69 MP: 7/19
 12199 | D:7      | Learned a level 1 spell: Apportation
 12468 | D:7      | Killed a deep elf pyromancer
 12775 | D:8      | Noticed a two-headed ogre
 13392 | D:8      | Reached skill level 5 in Invocations
 13469 | D:8      | Reached skill level 5 in Fire Magic
 14148 | D:9      | Noticed Erolcha
 14321 | D:9      | Killed Erolcha
 14370 | D:9      | Reached *** piety under Sif Muna
 14612 | D:9      | Reached skill level 12 in Conjurations
 14619 | D:9      | Learned a level 6 spell: Starburst
 14943 | D:9      | Noticed Maurice
 14960 | D:9      | Killed Maurice
 14961 | D:9      | Reached XP level 11. HP: 67/74 MP: 2/20
 15371 | D:9      | Found a staircase to the Orcish Mines.
 16457 | D:9      | Identified the ring "Yminoer" {rN+ Str+6}
 16614 | D:9      | Noticed Psyche
 16619 | D:9      | Killed Psyche
 16852 | D:9      | Reached **** piety under Sif Muna
 16875 | D:9      | Noticed Amaemon
 17206 | D:9      | Noticed Harold
 17512 | D:9      | Killed Amaemon
 17593 | D:8      | Killed a two-headed ogre
 17715 | D:9      | Killed Harold
 18113 | D:10     | Entered Level 10 of the Dungeon
 18947 | D:10     | Found a staircase to the Lair.
 20251 | D:11     | Noticed Fannar
 20929 | D:11     | Killed Fannar
 21573 | Lair:1   | Entered Level 1 of the Lair of Beasts
 21798 | Lair:1   | Reached skill level 10 in Fire Magic
 21842 | Lair:1   | Reached XP level 12. HP: 81/81 MP: 2/24
 22082 | Lair:1   | Noticed Joseph
 22086 | Lair:1   | Killed Joseph
 22087 | Lair:1   | Reached skill level 1 in Fighting
 24445 | Lair:2   | Noticed Sonja
 24448 | Lair:2   | Killed Sonja
 24783 | Lair:2   | Noticed Urug
 25090 | Lair:2   | Killed Urug
 25091 | Lair:2   | HP: 2/90 [wolf (8)]
 25091 | Lair:2   | Demolished by a komodo dragon

Illustrated notes

Levels and vault maps discovered:
D:1:      erik_arrival_orb_chamber, layout_loops_ring,
          chequers_ecumenical_altar_twisty, serial_shops, nicolae_square_shop
D:2:      layout_basic
D:3:      layout_basic, minmay_between, uniq_sigmund
D:4:      layout_cave_pools, minmay_temple_entry_poolview
D:5:      layout_basic, enter_ossuary_4, small_statue_intersection
D:6:      nicolae_cairo_tiling_large_dashed, layout_cave_pools,
          kennysheep_mini_moat, nicolae_shop_overcharged_wands
D:7:      layout_basic, minitemple, uniq_menkaure
D:8:      minmay_spotlight, layout_basic
D:9:      layout_irregular_city, zombieorc2_lemuel, uniq_psyche, uniq_harold,
          uniq_erolcha, uniq_maurice, uniq_amaemon
D:10:     layout_roguey, erik_lair_orcish_takeover,
          hangedman_abyss_or_decor_clamps
D:11:     layout_loops_ring, uniq_fannar
Temple:   nicolae_temple_bog_church
Lair:1:   dreamdust_cave_troll, layout_gridlike, beast_lair_carwin_8,
          uniq_joseph
Lair:2:   layout_roguey, lemuel_fruit_tree, serial_bayou_shore_b,
          lemuel_fruit_fields, grunt_megastairs_2, uniq_urug, uniq_sonja

Skill      XL: |  1  2  3  4  5  6  7  8  9 10 11 12 |
---------------+-------------------------------------+-----
Conjurations   | 5 6 7 8 10 11 12 | 12.0
Translocations | 1 2 3 |  3.0
Spellcasting   | 3 4 6 8 |  8.0
Poison Magic   | 4 6 7 |  7.9
Invocations    | 4 6 7 8 |  8.0
Fire Magic     | 3 6 10 | 10.4
Dodging        | 2 3 |  3.0
Fighting       | 3 |  3.6
Stealth        | |  1.7

Action                   |  1- 3 |  4- 6 |  7- 9 | 10-12 || total
-------------------------+-------+-------+-------+-------++-------
Melee: Club              |     5 |       |       |       ||     5
       Short sword       |    17 |    26 |       |    72 ||   115
       Tailslap          |     2 |     5 |    13 |    12 ||    32
       Dagger            |       |     8 |    68 |       ||    76
       Punch             |       |       |     2 |     1 ||     3
 Cast: Magic Dart        |    64 |    92 |    67 |   124 ||   347
       Searing Ray       |     6 |    20 |    46 |    94 ||   166
       Iskenderun's Myst |       |       |    12 |    30 ||    42
       Poisonous Vapours |       |       |    19 |    75 ||    94
       Ignite Poison     |       |       |    10 |    43 ||    53
       Starburst         |       |       |       |     3 ||     3
 Abil: Breathe Noxious F |       |       |    20 |    35 ||    55
Evoke: Wand              |       |       |       |     3 ||     3
  Use: Scroll            |     6 |     4 |     2 |     8 ||    20
       Potion            |       |     1 |     2 |     8 ||    11
Armor: Skin              |     9 |    20 |    78 |   106 ||   213
Dodge: Dodged            |    30 |    42 |   140 |   171 ||   383

Table legend: (Time is in decaauts)
 A = Elapsed time spent in this place.
 B = Non-inter-level travel time spent in this place.
 C = Inter-level travel time spent in this place.
 D = Time resting spent in this place.
 E = Time spent auto-exploring this place.
 F = Levels seen in this place.
 G = Mean time per level.
                   A        B        C        D        E       F      G
               +--------+--------+--------+--------+--------+-----+--------+
         Total |  25111 |  23887 |   1224 |  12517 |   8142 |  15 | 1674.1 |
       Dungeon |  21517 |  20510 |   1007 |  10552 |   7254 |  11 | 1956.1 |
        Temple |    207 |    207 |      0 |      0 |    147 |   1 |  207.0 |
          Lair |   2812 |   2595 |    217 |   1537 |    741 |   2 | 1406.0 |
       Ossuary |    573 |    573 |      0 |    428 |      0 |   1 |  573.0 |
               +--------+--------+--------+--------+--------+-----+--------+

Top non-repeatable levels by time:
     D:9: 3541 daAuts
     D:5: 2911 daAuts
  Lair:1: 2776 daAuts
    D:10: 2733 daAuts
     D:6: 2117 daAuts
     D:7: 1878 daAuts
     D:8: 1835 daAuts
     D:1: 1540 daAuts
    D:11: 1435 daAuts
     D:2: 1310 daAuts
     D:4: 1120 daAuts
     D:3: 1093 daAuts
 Ossuary: 573 daAuts
  Temple: 207 daAuts
  Lair:2: 36 daAuts
